 Dungeon Crawl Stone Soup version 0.29.0-11-gd7f09526c8 (webtiles) character file.

Game seed: 13104503170127279510

63 doricub5 the Ruffian (level 3, 29/29 HPs)
             Began as a Draconian Transmuter on Sept 3, 2022.
             Quit the game on level 2 of the Dungeon.
             The game lasted 00:03:59 (2202 turns).

doricub5 the Ruffian (Draconian Transmuter)         Turns: 2202, Time: 00:04:00

Health: 29/29      AC:  7    Str: 17    XL:     3   Next: 87%
Magic:  6/6        EV: 12    Int: 13    God:
Gold:   45         SH:  0    Dex: 11    Spells: 4/7 levels left

rFire   . . .      SeeInvis .     - Unarmed
rCold   . . .      Faith    .   (no shield)
rNeg    . . .      Spirit   .   (body armour unavailable)
rPois   .          Reflect  .   (helmet restricted)
rElec   .          Harm     .   (no cloak)
rCorr   .          Rampage  .   f - +1 pair of gloves {Str+3}
Will    .....                   (no boots)
Stlth   +.........              (no amulet)
HPRegen 0.09/turn               (no ring)
MPRegen 0.10/turn               (no ring)

@: no status effects
A: AC +5, unfitting armour, cold-blooded
a: no special abilities


You were on level 2 of the Dungeon.
You visited 1 branch of the dungeon, and saw 2 of its levels.

You collected 45 gold pieces.

Inventory:

Armour
 f - a +1 pair of gloves of strength (worn)
Jewellery
 e - an amulet of magic regeneration
Scrolls
 b - 2 scrolls of vulnerability {unknown}
 c - a scroll of noise {unknown}
 d - a scroll of poison {unknown}
Potions
 a - a potion of lignification
 g - a potion of brilliance {unknown}


   Skills:
 * Level 2.1 Fighting
 * Level 2.4 Dodging
 + Level 3.2 Unarmed Combat
 * Level 2.6 Spellcasting
 + Level 2.2 Transmutations


You had 4 spell levels left.
You knew the following spells:

 Your Spells              Type           Power      Damage    Failure   Level
a - Beastly Appendage     Tmut           14%        N/A       10%         1
b - Wereblood             Tmut           7%         N/A       14%         2

Your spell library contained the following spells:

 Spells                   Type           Power      Damage    Failure   Level
 Freeze                   Ice            4%         1d3       24%         1
 Spider Form              Tmut/Pois      4%         N/A       41%         3
 Frozen Ramparts          Ice            2%         1d1       58%         3
 Ice Form                 Ice/Tmut       4%         N/A       83%         4
 Hailstorm                Conj/Ice       1%         3d3       94%         4


Dungeon Overview and Level Annotations

Branches:
Dungeon (2/15)

Altars:


Innate Abilities, Weirdness & Mutations

Your plain brown scales are hard. (AC +5)
You cannot fit into any form of body armour.
You are cold-blooded and may be slowed by cold attacks.


Message History

The adder misses you.
You completely miss the adder.
Your tail-slap misses the adder.
The adder is almost dead.
The adder bites you but does no damage.
You hit the adder but do no damage.
The adder is almost dead.
The adder closely misses you.
You miss the adder.
The adder is almost dead.
The adder closely misses you.
You hit the adder but do no damage.
The adder is almost dead.
The adder completely misses you. The adder closely misses you.
You closely miss the adder. You tail-slap the adder.
The adder is almost dead.
The adder completely misses you.
You closely miss the adder.
The adder is almost dead.
The adder closely misses you.
You closely miss the adder.
The adder is almost dead.
The adder misses you.
You barely miss the adder.
The adder is almost dead.
The adder closely misses you.
You closely miss the adder.
The adder is almost dead.
The adder misses you. The adder bites you but does no damage.
You hit the adder.
You kill the adder!
You now have 40 gold pieces (gained 8).
You now have 45 gold pieces (gained 5).
Found a faded altar of an unknown god.
A frilled lizard comes into view.
The frilled lizard hisses angrily.
You hit the frilled lizard.
You kill the frilled lizard!
There is an empty arch of ancient stone here.
Unknown command.
Are you sure you want to abandon this character and quit the game? (Confirm with "yes".)

##.####..♣..♣♣...♣...
...# #...♣♣♣♣.∩.♣
#### #.### ♣...♣ #
#.# ♣.♣.♣# #.#
..♣♣..♣ #.. ♣.♣ ♣♣.♣
### ♣. ♣.♣ . ♣♣.♣ ..
♣@.♣ ♣.♣♣ ♣.♣ .♣. ..
# #. ##


There were no monsters in sight!

Vanquished Creatures
  3 adders (D:2)
  A worm (D:2)
  A dart slug (D:1)
  3 bats
  3 endoplasms
  3 giant cockroaches
  2 goblins
  3 hobgoblins
  A jackal (D:1)
  A kobold (D:1)
  2 quokkas (D:2)
  A ball python (D:1)
  5 frilled lizards
29 creatures vanquished.

Notes
Turn   | Place    | Note
-------+----------+-------------------------------------------
     0 | D:1      | doricub5 the Draconian Transmuter began the quest for the
                  | Orb.
     0 | D:1      | Reached XP level 1. HP: 16/16 MP: 3/3
   624 | D:1      | Reached XP level 2. HP: 23/23 MP: 5/5
  1109 | D:1      | Learned a level 2 spell: Wereblood
  1487 | D:2      | Reached XP level 3. HP: 8/29 MP: 4/6
  2186 | D:2      | Found a faded altar of an unknown god.
  2202 | D:2      | Quit the game

Illustrated notes

Levels and vault maps discovered:
D:1:      dpeg_arrival_brainrot, layout_basic, serial_curves, eino_curves_03,
          eino_curves_04
D:2:      layout_loops_ring, shapermc_ecumenical_altar_totnotflames,
          grunt_ministairs_10, minmay_fountain_box, minivault_27

Skill      XL: |  1  2  3 |
---------------+----------+-----
Dodging        | 2 |  2.4
Fighting       | 2 |  2.1
Unarmed Combat | |  3.2
Spellcasting   | |  2.6
Transmutations | |  2.2

Action                   || total
-------------------------++-------
Melee: Unarmed           ||   125
       Tailslap          ||    14
       Punch             ||     3
 Cast: Beastly Appendage ||     2
 Stab: Sleeping          ||     1
Armor: Skin              ||    41
Dodge: Dodged            ||    66
